 Dungeon Crawl Stone Soup version 0.32-a0-411-g744942f433 (webtiles) character file.

Game seed: 16174915250995384689

1 shadowstone the Slasher (level 1, 20/20 HPs)
             Began as a Minotaur Berserker on Feb 21, 2024.
             Was a Follower of Trog.
             Quit the game on level 1 of the Dungeon.
             The game lasted 00:00:32 (92 turns).

shadowstone the Slasher (Minotaur Berserker)          Turns: 92, Time: 00:00:32

Health: 20/20      AC:  5    Str: 21    XL:     1   Next: 16%
Magic:  0/0        EV: 11    Int:  4    God:    Trog [*.....]
Gold:   32         SH:  0    Dex:  9    Spells: 0/0 levels left

rFire   . . .        a - +0 falchion
rCold   . . .        (no shield)
rNeg    . . .        c - +0 ring mail
rPois   .            (helmet restricted)
rElec   .            (no cloak)
rCorr   .            (no gloves)
SInv    .            (no boots)
Will    .....        (no amulet) Stlth
                     (no ring)
HPRegen 0.23/turn    (no ring)
MPRegen 0.07/turn

%: no passive effects
@: no status effects
A: horns 2, retaliatory headbutt
a: Renounce Religion, Berserk


You were on level 1 of the Dungeon.
You worshipped Trog.
Trog was aware of your devotion.
You visited 1 branch of the dungeon, and saw 1 of its levels.

You collected 32 gold pieces.

Inventory:

Hand Weapons
 a - a +0 falchion (weapon)
Armour
 b - a +0 animal skin
 c - a +0 ring mail (worn)


   Skills:
 + Level 3.6 Fighting
 + Level 3.6 Long Blades
 + Level 2.4 Armour
 + Level 2.2 Dodging


You couldn't memorise any spells.
You didn't know any spells.
Your spell library was empty.

Dungeon Overview and Level Annotations

Branches:
Dungeon (1/15)

Altars:


Innate Abilities, Weirdness & Mutations

You have a pair of horns on your head.
You reflexively headbutt those who attack you in melee.


Message History

Welcome, shadowstone the Minotaur Berserker.
If you return without finding the Orb of Zot, so far below, it's all over!
Trog says: Kill them all!
Press ? for a list of commands and other information.
Found 18 gold pieces.
Found an escape hatch in the floor.
Found a staircase leading out of the dungeon.
Found a faded altar of an unknown god.
You now have 18 gold pieces.
There is a faded altar of an unknown god here.
This altar belongs to (a) Ignis, (b) the Shining One or (c) Elyvilon, but you can't tell which.
Press the corresponding letter to learn more about a god, or press enter to convert or escape to cancel.
Okay, then.
Found a ring mail.
You now have 32 gold pieces (gained 14).
A frilled lizard comes into view.
The frilled lizard hisses angrily.
Found a stone staircase leading down.
You see here 2 fizzy silvery potions.
The frilled lizard bites you but does no damage.
The frilled lizard attacks as it pursues you!
The frilled lizard bites you.
The frilled lizard attacks as it pursues you!
The frilled lizard bites you but does no damage.
The frilled lizard attacks as it pursues you!
The frilled lizard closely misses you.
You hit the frilled lizard.
You kill the frilled lizard!
Trog accepts your kill.
You see here a +0 ring mail.
c - a +0 ring mail You start removing your armour.
You continue removing your +0 animal skin. x4
You finish removing your +0 animal skin.
You start putting on your armour.
You continue putting on your +0 ring mail. x5
You finish putting on your +0 ring mail.
Are you sure you want to abandon this character and quit the game? (Confirm with "yes".)

#.# #....# #.######.#
#......#.# ######.#.#
#.#.# #.#.# #.#.# #
#.#.###.####.
####....@.......
######...##.###.####.
..........##.###.##.
....###...........>.
###........!.###.###
############


There were no monsters in sight!

Vanquished Creatures
  A frilled lizard (D:1)
1 creature vanquished.

Notes
Turn   | Place    | Note
-------+----------+-------------------------------------------
     0 | D:1      | shadowstone the Minotaur Berserker began the quest for the
                  | Orb.
     0 | D:1      | Reached XP level 1. HP: 19/19 MP: 0/0
     0 | D:1      | Found a faded altar of an unknown god.
    92 | D:1      | Quit the game

Illustrated notes

Levels and vault maps discovered:
D:1:      dpeg_arrival_tiny_a, layout_loops_ring,
          dreamdust_ecumenical_altar_statues, hangedman_glass_teeth,
          columned_hall_lemuel

Action                     || total
---------------------------++-------
  Melee: Falchion          ||     1
 Armour: Animal skin       ||     3
  Dodge: Dodged            ||     1

Table legend: (Time is in decaauts)
 A = Elapsed time spent in this place.
 B = Non-inter-level travel time spent in this place.
 C = Inter-level travel time spent in this place.
 D = Time resting spent in this place.
 E = Time spent auto-exploring this place.
 F = Levels seen in this place.
 G = Mean time per level.
                   A        B        C        D        E       F      G
               +--------+--------+--------+--------+--------+-----+--------+
         Total |     92 |     92 |      0 |      0 |     27 |   1 |   92.0 |
       Dungeon |     92 |     92 |      0 |      0 |     27 |   1 |   92.0 |
               +--------+--------+--------+--------+--------+-----+--------+

Top non-repeatable levels by time:
     D:1: 92 daAuts
